 Dungeon Crawl Stone Soup version 0.26-a0-639-g72c4674329 (webtiles) character file.

Game seed: 10490259288100797292

455 Flugslaktarn the Chopper (level 6, -24/58 HPs)
             Began as a Deep Dwarf Fighter on Sept 23, 2020.
             Was an Initiate of Makhleb.
             Annihilated by an ogre
             ... wielding a +0 giant spiked club
              (31 damage)
             ... on level 5 of the Dungeon.
             The game lasted 00:01:24 (1656 turns).

Flugslaktarn the Chopper (Deep Dwarf Fighter)       Turns: 1656, Time: 00:01:25

Health: -24/58     AC: 10    Str: 22    XL:     6   Next: 76%
Magic:  2/2        EV:  5    Int:  8    God:    Makhleb [......]
Gold:   88         SH: 10    Dex: 12    Spells: 5/5 levels left

rFire    . . .     SeeInvis .   a - +0 war axe
rCold    . . .     Faith    .   c - +0 kite shield
rNeg     . . .     Spirit   .   s - +0 chain mail
rPois    .         Reflect  .   (no helmet)
rElec    .         Harm     +   n - scarf {harm}
rCorr    .         Rampage  .   (no gloves)
MR       .....                  r - +0 pair of boots
Stlth    ..........             (no amulet)
HPRegen  0.00/turn              e - ring of flight
MPRegen  0.08/turn              (no ring)

@: mighty, non-regenerating
A: damage resistance, heal wounds, sense surroundings 1, no regeneration
a: Heal Wounds, Renounce Religion, Evoke Flight


You were on level 5 of the Dungeon.
You worshipped Makhleb.
Makhleb was noncommittal.
You visited 2 branches of the dungeon, and saw 6 of its levels.

You collected 88 gold pieces.

Inventory:

Hand Weapons
 a - a +0 war axe (weapon)
Missiles
 f - a throwing net (quivered)
Armour
 b - a +0 scale mail
 c - a +0 kite shield (worn)
 n - a scarf of harm (worn)
   (You found it on level 4 of the Dungeon)
 q - a +0 cloak
   (You took it off Crazy Yiuf on level 4 of the Dungeon)
 r - a +0 pair of boots (worn)
   (You found it on level 5 of the Dungeon)
 s - a +0 chain mail (worn)
   (You took it off an orc on level 5 of the Dungeon)
Jewellery
 e - a ring of flight (left hand)
   (You found it on level 1 of the Dungeon)
 i - an uncursed amulet of guardian spirit {unknown}
   (You found it on level 2 of the Dungeon)
 u - an uncursed ring of protection from cold {unknown}
   (You found it on level 5 of the Dungeon)
Scrolls
 h - 9 scrolls of identify {unknown}
 j - 2 scrolls of enchant weapon {unknown}
 k - 3 scrolls of remove curse {unknown}
 l - a scroll of blinking {unknown}
 p - a scroll of immolation {unknown}
Potions
 g - 3 potions of curing {unknown}
 m - 2 potions of brilliance {unknown}
 o - a potion of degeneration {unknown}
 t - a potion of heal wounds {unknown}


   Skills:
 * Level 4.5 Fighting
 * Level 5.0 Axes
 + Level 4.5 Armour
 + Level 4.5 Shields
 + Level 0.1 Invocations


You had 5 spell levels left.
You didn't know any spells.
Your spell library was empty.

Dungeon Overview and Level Annotations

Branches:
Dungeon (5/15)             Temple (1/1) D:5

Altars:
Ashenzari
Cheibriados
Elyvilon
Fedhas
Hepliaklqana
Kikubaaqudgha
Makhleb
Nemelex Xobeh
Qazlal
Ru
Sif Muna
Trog
Uskayaw
Vehumet
Wu Jian
Xom
Yredelemnul
Zin
The Shining One

Annotations:
D:5 Eustachio


Innate Abilities, Weirdness & Mutations

You are resistant to damage.
You can heal yourself by infusing magical energy.
You passively map a small area around you.
You do not regenerate.


Message History

You block the crimson imp's attack.
The ogre hits you with a +0 giant spiked club!
* * * LOW HITPOINT WARNING * * *
You are too injured to fight recklessly!
You hit the ogre.
The ogre is heavily wounded.
You slice the crimson imp!!
You kill the crimson imp!
The bat barely misses you. You block the bat's attack.
Eustachio gestures wildly while chanting.
You feel much better. You block the bat's attack. x2
The ogre hits you with a +0 giant spiked club!!
* * * LOW HITPOINT WARNING * * *
Eustachio screams, "This atrocity can only be purified with blood!"
Eustachio mumbles some strange words.
Eustachio blinks!
You fail to use your ability.
The bat hits you but does no damage.
The ogre hits you with a +0 giant spiked club!!
Ouch! That really hurt!
You die...

#.............# ,
..##...........#
..#....#.###...## ,,
#...## #.####.... 8
#.#.# ##>........ ,, ,
#.#.# #...###.... , ,
#b..# #...##.....
,##5..###...##..... *
, *#@O55.............
* **###o..............
* ##
**#.....@.......†. *
,....##5..............
,
...........#...._.....
*
...........#.._.......
......................
.........[......8.._..
*
...........#..........


You could see Eustachio, an ogre, a quasit (summoned), a shadow imp (summoned),
an orc, an ufetubus (summoned) and a bat (summoned).

Vanquished Creatures
  An ogre (D:4)
  A scorpion (D:4)
  2 hounds (D:4)
  An orc priest (D:4)
  Crazy Yiuf (D:4)
  3 worker ants (D:4)
  An orc wizard (D:5)
  A mummy (D:4)
  4 adders
  A dart slug (D:4)
  15 orcs
  A ball python (D:4)
  A giant cockroach (D:2)
  2 goblins
  2 hobgoblins (D:1)
  9 jackals
  A quokka (D:5)
  A bat (D:2)
  4 frilled lizards
  A kobold zombie (D:4)
  A leopard gecko zombie (D:5)
  An orc zombie (D:4)
  A rat (D:1)
56 creatures vanquished.

Vanquished Creatures (others)
  3 fungi (D:4)
3 creatures vanquished.

Grand Total: 59 creatures vanquished

Notes
Turn   | Place    | Note
-------+----------+-------------------------------------------
     0 | D:1      | Flugslaktarn the Deep Dwarf Fighter began the quest for the
                  | Orb.
     0 | D:1      | Reached XP level 1. HP: 20/20 MP: 1/1
   327 | D:2      | Reached XP level 2. HP: 22/27 MP: 2/2
   481 | D:4      | Reached skill level 3 in Axes
   481 | D:4      | Reached XP level 3. HP: 27/34 MP: 2/2
   488 | D:4      | Noticed a scorpion
   503 | D:4      | Killed a scorpion
   503 | D:4      | Reached XP level 4. HP: 22/42 MP: 3/3
   511 | D:4      | Reached XP level 5. HP: 38/50 MP: 3/3
   586 | D:4      | Reached skill level 4 in Axes
   654 | D:4      | Noticed an ogre
   665 | D:4      | Killed an ogre
   665 | D:4      | Reached XP level 6. HP: 28/57 MP: 3/3
   911 | D:4      | Found a sand-covered staircase.
  1193 | D:4      | Found a runed translucent door.
  1194 | D:4      | Noticed Crazy Yiuf
  1199 | D:4      | Killed Crazy Yiuf
  1241 | D:5      | Entered Level 5 of the Dungeon
  1255 | D:5      | Found a staircase to the Ecumenical Temple.
  1285 | D:5      | Reached skill level 5 in Axes
  1292 | Temple   | Entered the Ecumenical Temple
  1395 | Temple   | Became a worshipper of Makhleb the Destroyer
  1591 | D:5      | Found a radiant altar of Vehumet.
  1594 | D:5      | Found a sparkling altar of Nemelex Xobeh.
  1596 | D:5      | Found a hazy altar of Hepliaklqana.
  1635 | D:5      | Noticed Eustachio
  1637 | D:5      | Found a glowing silver altar of Zin.
  1642 | D:5      | Found a stormy altar of Qazlal.
  1656 | D:5      | Annihilated by an ogre

Illustrated notes

Levels and vault maps discovered:
D:1:      dpeg_arrival_morbid_curiosity, layout_basic, st_stairs_9
D:2:      layout_basic
D:3:      layout_basic, uniq_sigmund
D:4:      layout_gridville, nicolae_ossuary_entry_giza, minmay_misc_feat_plants,
          uniq_crazy_yiuf_cottage
D:5:      layout_basic, grunt_temple_overflow_open, minmay_temple_entry_slanted,
          chequers_mini_garden, trog_eyes_of_draining, uniq_eustachio
Temple:   bh_familiar_temple

Skill      XL: |  1  2  3  4  5  6 |
---------------+-------------------+-----
Fighting       | 3 4 |  4.5
Axes           | 3 4 5 |  5.0
Armour         | 4 |  4.5
Shields        | 4 |  4.5
Invocations    | |  0.1

Action                   |  1- 3 |  4- 6 || total
-------------------------+-------+-------++-------
Melee: War axe           |    72 |   138 ||   210
 Abil: Heal Wounds       |     2 |     8 ||    10
  Use: Potion            |       |     1 ||     1
Armor: Scale mail        |    48 |    54 ||   102
       Chain mail        |       |    27 ||    27
Dodge: Dodged            |    20 |    32 ||    52
Block: Kite shield       |    38 |    78 ||   116

Table legend: (Time is in decaauts)
 A = Elapsed time spent in this place.
 B = Non-inter-level travel time spent in this place.
 C = Inter-level travel time spent in this place.
 D = Time resting spent in this place.
 E = Time spent auto-exploring this place.
 F = Levels seen in this place.
 G = Mean time per level.
                   A        B        C        D        E       F      G
               +--------+--------+--------+--------+--------+-----+--------+
         Total |   1735 |   1571 |    164 |      0 |   1070 |   6 |  289.2 |
       Dungeon |   1561 |   1457 |    104 |      0 |    958 |   5 |  312.2 |
        Temple |    174 |    114 |     60 |      0 |    112 |   1 |  174.0 |
               +--------+--------+--------+--------+--------+-----+--------+

Top non-repeatable levels by time:
     D:4: 816 daAuts
     D:5: 259 daAuts
     D:1: 199 daAuts
  Temple: 174 daAuts
     D:2: 153 daAuts
     D:3: 131 daAuts
